 Dungeon Crawl Stone Soup version 0.31-a0-1370-gf52a5a9ab3 (webtiles) character file.

Game seed: 8680128974122264935

275 grandjackal the Slasher (level 6, 0/48 HPs)
             Began as a Demonspawn Gladiator on Dec 24, 2023.
             Succumbed to an orc wizard's poison
             ... on level 3 of the Dungeon.
             The game lasted 00:02:54 (1777 turns).

grandjackal the Slasher (Demonspawn Gladiator)      Turns: 1777, Time: 00:02:54

Health: 0/48       AC:  6    Str: 14    XL:     6   Next: 3%
Magic:  6/6        EV: 10    Int:  8    God:
Gold:   83         SH:  0    Dex: 19    Spells: 5/5 levels left

rFire   . . .        a - +0 long sword
rCold   . . .        (no shield)
rNeg    . . .        g - +0 scale mail
rPois   .            (helmet restricted)
rElec   .            (no cloak)
rCorr   .            (no gloves)
SInv    .            (no boots)
Will    .....        (no amulet)
Stlth   ++           (no ring)
HPRegen 0.28/turn    (no ring)
MPRegen 0.10/turn

%: no passive effects
@: brilliant, lethally poisoned (0 -> -6)
A: horns 2, thin skeletal structure 1
a: no special abilities


You were on level 3 of the Dungeon.
You visited 1 branch of the dungeon, and saw 3 of its levels.

You collected 83 gold pieces.

Inventory:

Hand Weapons
 a - a +0 long sword (weapon)
Missiles
 d - 3 throwing nets (quivered)
 e - 5 javelins
Armour
 g - a +0 scale mail (worn)
Scrolls
 b - 3 scrolls of identify {unknown}
 c - a scroll of enchant weapon {unknown}
Potions
 f - 2 potions of attraction


   Skills:
 + Level 3.9 Fighting
 + Level 4.1 Long Blades
 - Level 2.0 Throwing
 - Level 3.0 Dodging
 + Level 2.9 Stealth


You had 5 spell levels left.
You didn't know any spells.
Your spell library contained the following spells:

 Spells                   Type           Power      Damage    Failure   Level
 Lesser Beckoning         Tloc           0%         N/A       96%         2
 Gell's Gravitas          Tloc           0%         N/A       99%         3
 Teleport Other           Tloc           0%         N/A       99%         3


Dungeon Overview and Level Annotations

Branches:
Dungeon (3/15)

Altars:

Shops:
D:3 (

Annotations:
D:2 1 runed translucent door, Crazy Yiuf


Innate Abilities, Weirdness & Mutations

You have a pair of horns on your head.
You have a somewhat thin skeletal structure. (Dex +2, Stealth+)


Message History

You bump into the rock wall.
You feel very sick. Something hits you.
You are more poisoned.
You feel very sick.
You feel very sick.
You feel less confused.
You feel sick. Something hits you.
You are more poisoned.
You hit the orc. Your headbutt misses the orc.
The orc is moderately wounded.
* * * LOW HITPOINT WARNING * * *
You feel very sick. The orc hits you but does no damage. Something hits you.
* * * LOW HITPOINT WARNING * * *
You are more poisoned.
You feel better. The orc closely misses you. Something hits you.
You are poisoned.
You feel very sick. The orc attacks as it pursues you!
The orc hits you with a +0 club.
* * * LOW HITPOINT WARNING * * *
You hear some strange, mumbled words.
A magic dart appears from out of thin air!
The magic dart hits you!
* * * LOW HITPOINT WARNING * * *
You feel better. The orc hits you with a +0 club.
* * * LOW HITPOINT WARNING * * *
Something hits you but does no damage.
You are lethally poisoned!
* * * LOW HITPOINT WARNING * * *
You feel very sick.
It was a potion of brilliance.
You feel clever all of a sudden.
* * * LOW HITPOINT WARNING * * *
You feel sick. The orc barely misses you.
Unknown command.
You aren't carrying any items that you can evoke.
You closely miss the orc.
The orc is moderately wounded.
You die...

#.....†..$.#
o.o.oo.o>#†....##
########.##...##
..###)## .### #)#
## ###.## #...{#
##.##o#
#####8.8#@#
#.........#
..###8.8###
##.### #...#
###.# #.# #.#
#.########


You could see an orc.

Vanquished Creatures
  Sigmund (D:2)
  2 orc wizards (D:3)
  3 adders (D:2)
  2 worms (D:2)
  2 dart slugs (D:2)
  4 orcs (D:3)
  2 bats (D:2)
  2 endoplasms
  2 giant cockroaches
  3 goblins (D:1)
  A quokka (D:1)
  4 ball pythons
  4 frilled lizards
  3 kobolds
35 creatures vanquished.

Notes
Turn   | Place    | Note
-------+----------+-------------------------------------------
     0 | D:1      | grandjackal the Demonspawn Gladiator began the quest for
                  | the Orb.
     0 | D:1      | Reached XP level 1. HP: 16/16 MP: 1/1
   434 | D:1      | Gained mutation: You have a somewhat thin skeletal
                  | structure. (Dex +2, Stealth+) [demonic ancestry]
   434 | D:1      | Reached XP level 2. HP: 22/22 MP: 2/2
   782 | D:2      | Found a runed translucent door.
   783 | D:2      | Noticed Crazy Yiuf
   917 | D:2      | Reached skill level 3 in Long Blades
   932 | D:2      | Noticed Sigmund
  1041 | D:2      | Reached XP level 3. HP: 27/28 MP: 3/3
  1212 | D:2      | Reached skill level 1 in Stealth
  1367 | D:2      | Killed Sigmund
  1368 | D:2      | Gained mutation: You have a pair of small horns on your
                  | head. [demonic ancestry]
  1368 | D:2      | Reached XP level 4. HP: 11/37 MP: 4/4
  1368 | D:2      | Gained mutation: You have a pair of horns on your head.
                  | [demonic ancestry]
  1368 | D:2      | Reached XP level 5. HP: 13/42 MP: 5/5
  1711 | D:3      | Found Huucwiji's Weapon Shoppe.
  1749 | D:3      | Reached skill level 4 in Long Blades
  1763 | D:3      | Reached XP level 6. HP: 41/48 MP: 6/6
  1773 | D:3      | HP: 1/48 [something/magic dart (11)]
  1777 | D:3      | Succumbed to an orc wizard's poison

Illustrated notes

Levels and vault maps discovered:
D:1:      heliophobic_arrival_battle_scene, layout_basic
D:2:      layout_basic, uniq_crazy_yiuf_cottage, uniq_sigmund
D:3:      layout_basic, serial_forest, infiniplex_forest_lined_3,
          infiniplex_forest_clump_curved, infiniplex_forest_diagonal,
          infiniplex_forest_3_way, infiniplex_forest_end_2,
          infiniplex_forest_join, infiniplex_forest_end_1,
          infiniplex_forest_clump_long, infiniplex_forest_straight_2,
          basic_ecumenical_altar, serial_shops,
          nicolae_shop_bloodbath_and_beyond, small_statue_intersection

Skill      XL: |  1  2  3  4  5 |
---------------+----------------+-----
Throwing       | 2 |  2.0
Long Blades    | 3 4 |  4.1
Dodging        | 3 |  3.0
Stealth        | 2 |  2.9
Fighting       | 3 |  3.9

Action                     |  1- 3 |  4- 6 || total
---------------------------+-------+-------++-------
  Melee: Long sword        |    79 |    34 ||   113
         Punch             |     2 |       ||     2
         Headbutt          |       |     8 ||     8
  Throw: Throwing net      |     1 |       ||     1
    Use: Potion            |     2 |     3 ||     5
   Stab: Distracted        |     1 |       ||     1
         Sleeping          |     1 |     1 ||     2
 Armour: Leather armour    |     5 |       ||     5
         Scale mail        |    47 |    27 ||    74
  Dodge: Dodged            |    40 |    11 ||    51

Table legend: (Time is in decaauts)
 A = Elapsed time spent in this place.
 B = Non-inter-level travel time spent in this place.
 C = Inter-level travel time spent in this place.
 D = Time resting spent in this place.
 E = Time spent auto-exploring this place.
 F = Levels seen in this place.
 G = Mean time per level.
                   A        B        C        D        E       F      G
               +--------+--------+--------+--------+--------+-----+--------+
         Total |   1803 |   1747 |     56 |    169 |   1249 |   3 |  601.0 |
       Dungeon |   1803 |   1747 |     56 |    169 |   1249 |   3 |  601.0 |
               +--------+--------+--------+--------+--------+-----+--------+

Top non-repeatable levels by time:
     D:2: 868 daAuts
     D:1: 774 daAuts
     D:3: 161 daAuts
